 Dungeon Crawl Stone Soup version 0.31-b1-17-gcfd88c8481 (webtiles) character file.

Game seed: 9509353419533941238

8673 jondo1214 the Artisan of Death (level 11, -7/80 HPs)
             Began as a Demonspawn Necromancer on Jan 15, 2024.
             Was a Priest of Kikubaaqudgha.
             Mangled by hawla's ghost (16 damage)
             ... on level 10 of the Dungeon.
             The game lasted 00:54:48 (10156 turns).

jondo1214 the Artisan of Death (DsNe)              Turns: 10156, Time: 00:54:48

Health: -7/80      AC: 17    Str:  9    XL:     11   Next: 13%
Magic:  21/21      EV: 13    Int: 20    God:    Kikubaaqudgha [***...]
Gold:   630        SH:  0    Dex: 13    Spells: 5/24 levels left

rFire   . . .        d - +3 battleaxe
rCold   . . .        (shield currently unavailable)
rNeg    . . .        F - +0 troll leather armour
rPois   .            (helmet restricted)
rElec   .            D - +1 cloak
rCorr   .            (no gloves)
SInv    .            (no boots)
Will    +....        t - amulet of faith
Stlth   +++          l - ring of willpower
HPRegen 1.13/turn    u - ring of wizardry
MPRegen 0.17/turn

%: faith, wizardry (x1)
@: mighty, sanguine armoured
A: horns 2, demonic guardian 1, powered by pain 1, sanguine armour 3
a: Renounce Religion, Unearth Wretches


You were on level 10 of the Dungeon.
You worshipped Kikubaaqudgha.
Kikubaaqudgha was most pleased with you.
You visited 2 branches of the dungeon, and saw 11 of its levels.

You collected 630 gold pieces.

Inventory:

Hand Weapons
 d - a +3 battleaxe (weapon)
 h - a +1 dagger of electrocution
 j - a +2 quarterstaff of chaos
 k - a +3 dagger of speed
 p - a +2 dagger of pain
 z - the +2 dagger of Vodka {heavy, rPois rC- Dex+4}
   (You found it on level 6 of the Dungeon)

   Dex+4:     It affects your dexterity (+4).
   rC-:       It makes you vulnerable to cold.
   rPois:     It protects you from poison
 G - a +0 long sword
Missiles
 b - 12 poisoned darts
 H - a throwing net
Armour
 e - a +1 leather armour
 D - a +1 cloak (worn)
 F - a +0 troll leather armour (worn)
Jewellery
 a - a ring of see invisible
 i - a ring of ice
 l - a ring of willpower (left hand)
 n - an amulet of the acrobat
 t - an amulet of faith (around neck)
 u - a ring of wizardry (right hand)
 C - a ring of protection from cold
Talismans
 f - a beast talisman
 g - a maw talisman
 q - a beast talisman
Wands
 v - a wand of charming (24)
 w - a wand of flame (31)
Scrolls
 c - a scroll of fear
 o - 2 scrolls of identify
 r - a scroll of poison
 y - a scroll of amnesia
 I - a scroll of vulnerability
Potions
 m - 3 potions of curing
 s - a potion of enlightenment {unknown}
 x - 2 potions of resistance
 A - a potion of lignification
 B - a potion of brilliance
 E - a potion of attraction {unknown}


   Skills:
 * Level 5.5 Fighting
 * Level 4.9 Short Blades
 * Level 3.3 Axes
 * Level 4.6 Armour
 * Level 5.5 Dodging
 * Level 5.9 Stealth
 * Level 7.3 Spellcasting
 * Level 3.0 Hexes
 * Level 9.4 Necromancy
 * Level 1.1 Fire Magic


You had 5 spell levels left.
You knew the following spells:

 Your Spells              Type           Power      Damage    Failure   Level
a - Necrotise             Necr           100%       1d9       1%          1
b - Vampiric Draining     Necr           45%        2d9       1%          3
c - Animate Dead          Necr           45%        N/A       1%          4
d - Tukima's Dance        Hex            19%        N/A       4%          3
e - Curse of Agony        Necr           45%        N/A       2%          5
f - Sublimation of Blood  Necr           45%        N/A       1%          2
g - Foxfire               Conj/Fire      36%        2x1d5     4%          1

Your spell library contained the following spells:

 Spells                   Type           Power      Damage    Failure   Level
 Kiss of Death            Conj/Necr      100%       2d13      1%          1
 Fugue of the Fallen      Necr           45%        N/A       1%          3
 Anguish                  Hex/Necr       16%        N/A       4%          4
 Martyr's Knell           Necr/Summ      26%        N/A       7%          4
 Passage of Golubria      Tloc           7%         N/A       43%         4
 Yara's Violent Unravell  Hex/Alch       6%         3d5       54%         5
 Iskenderun's Battlesphe  Conj           7%         2d6       77%         5
 Death Channel            Necr           22%        N/A       16%         6
 Bombard                  Conj/Erth      3%         9d1       99%         6
 Plasma Beam              Fire/Air       4%         2x1d14    99%         6
 Starburst                Conj/Fire      4%         6d4       99%         6
 Spellforged Servitor     Conj/Summ      3%         N/A       100%        7


Dungeon Overview and Level Annotations

Branches:
Dungeon (10/15)            Temple (1/1) D:6            Lair (0/5) D:9
    Orc: D:9-12

Altars:
Ashenzari
Cheibriados
Dithmenos
Fedhas
Gozag
Hepliaklqana
Kikubaaqudgha
Makhleb
Nemelex Xobeh
Okawaru
Qazlal
Ru
Sif Muna
Trog
Uskayaw
Vehumet
Wu Jian
Xom
Yredelemnul

Shops:
D:8 (

Annotations:
D:9 3 runed translucent doors, groovy9's ghost, journeyman DECj
D:10 hawla's ghost, novice FeSh


Innate Abilities, Weirdness & Mutations

You have a pair of horns on your head.
A weak demonic guardian rushes to your aid.
You sometimes gain a little power by taking damage.
When seriously injured, your blood forms very thick armour. (AC +12)


Message History

Your orc wizard zombie completely misses hawla's ghost.
Your orc zombie hits hawla's ghost but does no damage.
Your ufetubus barely misses hawla's ghost.
Your ufetubus completely misses hawla's ghost.
Your orc wizard zombie barely misses hawla's ghost.
Hawla's ghost hits your orc zombie!
Your orc zombie is destroyed!
Your orc zombie misses hawla's ghost.
Your orc wizard zombie hits hawla's ghost but does no damage.
Hawla's ghost turns its malevolent gaze towards you.
Casting: Animate Dead (mildly dangerous; 1% risk of failure)
Confirm with . or Enter, or press ? or * to list all spells.
You can't see any susceptible monsters within range! (Use Z to cast anyway.) Unknown command.
You completely miss hawla's ghost.
Hawla's ghost is moderately damaged.
You feel a little less agile now.
Your ufetubus completely misses hawla's ghost.
Your ufetubus misses hawla's ghost. Hawla's ghost hits you!!
* * * LOW HITPOINT WARNING * * *
Your ufetubus misses hawla's ghost.
Your ufetubus completely misses hawla's ghost.
Your orc wizard zombie misses hawla's ghost.
Your orc zombie completely misses hawla's ghost.
Your orc wizard zombie completely misses hawla's ghost.
Hawla's ghost hits you.
* * * LOW HITPOINT WARNING * * *
You completely miss hawla's ghost.
Hawla's ghost is moderately damaged.
Your ufetubus disappears in a puff of smoke!
Your orc wizard zombie misses hawla's ghost.
Hawla's ghost hits you!
* * * LOW HITPOINT WARNING * * *
A demonic guardian appears!
Your orc zombie misses hawla's ghost.
Your orc wizard zombie barely misses hawla's ghost.
Your orc wizard zombie completely misses hawla's ghost.
Hawla's ghost attacks as it pursues you!
Hawla's ghost hits you!
You die...
Kikubaaqudgha rasps: "You have failed me!
Welcome... death!"

........# #.........#)#
##......####...........#
...............).......#
##.............).......#
..................PPPPPPP
#....)............P.......
#..............###P.P.PPP.P
..#............#


P.P.P .P #.#.......@....# P.PPP P .#'###..WZ...# P.. ... #5Z.Z...# P.PP ##
###'##..+ #ยงยง.#.## #.8.# . ##### # You could see hawla's ghost (ally target),
a friendly ufetubus (summoned), a friendly orc zombie and 2 friendly orc wizard
zombies.

Vanquished Creatures
  A centaur warrior (D:10)
  Maurice (D:7)
  A komodo dragon (D:9)
  5 unseen horror zombies (D:9)
  2 trolls
  Prince Ribbit (D:5)
  A hornet (D:9)
  A wyvern (D:9)
  A shadow (D:9)
  4 yaks (D:9)
  Edmund (D:5)
  An acid dragon (D:9)
  Duvessa (D:7)
  2 orc warriors
  3 black bears
  A sky beast (D:7)
  3 ogres
  2 centaurs
  2 phantoms
  2 kobold brigands
  4 bullfrogs
  2 scorpions (D:5)
  12 wights
  3 killer bees
  3 bombardier beetles
  3 centaur zombies (D:9)
  Crazy Yiuf (D:6)
  3 hounds
  3 gnoll boudas
  A sleepcap (D:8)
  4 iguanas
  3 orc wizards
  A howler monkey zombie (D:9)
  4 adders
  10 gnolls
  2 white imps
  2 ufetubi (D:5)
  2 dart slugs (D:3)
  19 orcs
  2 bats (D:3)
  4 endoplasms
  A giant cockroach (D:3)
  10 goblins
  8 hobgoblins
  3 jackals (D:3)
  16 kobolds
  7 quokkas
  7 ball pythons
  3 frilled lizards
  3 rats
182 creatures vanquished.

Vanquished Creatures (collateral kills)
  2 yaks (D:9)
  2 ice beasts
  A centaur (D:9)
  A bullfrog (D:6)
  A wight (D:10)
  Dowan (D:7)
  4 killer bees (D:9)
  A howler monkey (D:10)
  An orc priest (D:10)
  A white imp (D:6)
  2 orcs
  An endoplasm (D:1)
  A kobold (D:8)
19 creatures vanquished.

Vanquished Creatures (others)
  A yak zombie (D:9)
  A centaur zombie (D:9)
  An orc wizard (D:6)
  A killer bee zombie (D:9)
  An acid dragon zombie (D:9)
  A hound zombie (D:6)
  8 orc zombies
  A gnoll zombie (D:10)
  5 kobold zombies
  21 foxfires
41 creatures vanquished.

Grand Total: 242 creatures vanquished

Notes
Turn   | Place    | Note
-------+----------+-------------------------------------------
     0 | D:1      | jondo1214 the Demonspawn Necromancer began the quest for
                  | the Orb.
     0 | D:1      | Reached XP level 1. HP: 13/13 MP: 3/3
   130 | D:1      | Gained mutation: When seriously injured, your blood forms
                  | armour. (AC +12) [demonic ancestry]
   130 | D:1      | Reached XP level 2. HP: 19/19 MP: 1/5
   209 | D:1      | Found a faded altar of an unknown god.
   833 | D:2      | Reached skill level 1 in Fighting
  1006 | D:2      | Gained mutation: You have a pair of small horns on your
                  | head. [demonic ancestry]
  1006 | D:2      | Reached XP level 3. HP: 26/26 MP: 2/6
  1092 | D:2      | Learned a level 3 spell: Vampiric Draining
  1171 | D:2      | Reached skill level 5 in Necromancy
  1945 | D:3      | Gained mutation: You have a pair of horns on your head.
                  | [demonic ancestry]
  1945 | D:3      | Reached XP level 4. HP: 32/32 MP: 7/7
  2298 | D:3      | Gained mutation: When seriously injured, your blood forms
                  | thick armour. (AC +12) [demonic ancestry]
  2298 | D:3      | Reached XP level 5. HP: 9/37 MP: 4/9
  2327 | D:3      | Reached skill level 1 in Short Blades
  2755 | D:4      | Noticed a black bear
  2756 | D:4      | Noticed an ogre
  2784 | D:4      | Found a sparkling altar of Nemelex Xobeh.
  2796 | D:4      | Killed a black bear
  2797 | D:4      | Reached skill level 1 in Armour
  2845 | D:4      | Killed an ogre
  2846 | D:4      | Gained mutation: A weak demonic guardian rushes to your
                  | aid. [demonic ancestry]
  2846 | D:4      | Reached XP level 6. HP: 12/44 MP: 2/10
  3207 | D:4      | Learned a level 4 spell: Animate Dead
  3528 | D:4      | Reached XP level 7. HP: 31/50 MP: 12/12
  3616 | D:4      | Reached skill level 6 in Necromancy
  3853 | D:5      | Entered Level 5 of the Dungeon
  4145 | D:5      | Noticed Edmund
  4165 | D:5      | Killed Edmund
  4287 | D:5      | Reached XP level 8. HP: 42/57 MP: 9/14
  4791 | D:5      | Noticed Prince Ribbit
  4818 | D:5      | Killed Prince Ribbit
  4819 | D:5      | Reached skill level 7 in Necromancy
  5047 | D:6      | Reached skill level 5 in Spellcasting
  5323 | D:6      | Identified the +2 dagger of Vodka {heavy, rPois rC- Dex+4}
  5752 | D:6      | Found a runed translucent door.
  5753 | D:6      | Noticed Crazy Yiuf
  5763 | D:6      | Killed Crazy Yiuf
  6103 | D:6      | Found a staircase to the Ecumenical Temple.
  6121 | Temple   | Entered the Ecumenical Temple
  6147 | Temple   | Became a worshipper of Kikubaaqudgha
  6506 | D:7      | Learned a level 3 spell: Tukima's Dance
  6600 | D:7      | Gained mutation: You sometimes gain a little power by
                  | taking damage. [demonic ancestry]
  6600 | D:7      | Reached XP level 9. HP: 65/65 MP: 17/17
  6631 | D:7      | Noticed Maurice
  6653 | D:7      | Something stole a +2 quarterstaff of chaos
  6659 | D:7      | Something stole a beast talisman
  6666 | D:7      | Something stole a ring of protection from cold
  6673 | D:7      | Killed Maurice
  6816 | D:7      | Noticed Duvessa
  6824 | D:7      | Noticed Dowan
  6828 | D:7      | Killed Duvessa
  6829 | D:7      | Reached skill level 8 in Necromancy
  6841 | D:7      | Killed Dowan
  6963 | D:7      | Found a snail-covered altar of Cheibriados.
  7109 | D:7      | Found a blossoming altar of Fedhas.
  7955 | D:8      | Found Plog's Weapon Emporium.
  8071 | D:8      | Found a shadowy altar of Dithmenos.
  8198 | D:8      | Reached * piety under Kikubaaqudgha
  8198 | D:8      | Received a gift from Kikubaaqudgha
  8396 | D:8      | Noticed a troll
  8407 | D:8      | Killed a troll
  8408 | D:8      | Reached skill level 1 in Hexes
  8749 | D:9      | Noticed a troll
  8755 | D:9      | Killed a troll
  8756 | D:9      | Reached skill level 5 in Stealth
  8767 | D:9      | Noticed a komodo dragon
  8777 | D:9      | Killed a komodo dragon
  8798 | D:9      | Reached XP level 10. HP: 38/73 MP: 3/19
  9053 | D:9      | Found a staircase to the Lair.
  9081 | D:9      | Reached skill level 9 in Necromancy
  9404 | D:9      | Reached skill level 5 in Fighting
  9404 | D:9      | Reached skill level 5 in Dodging
  9518 | D:9      | Learned a level 5 spell: Curse of Agony
  9521 | D:9      | Learned a level 2 spell: Sublimation of Blood
  9523 | D:9      | Learned a level 1 spell: Foxfire
  9530 | D:9      | Reached ** piety under Kikubaaqudgha
  9531 | D:9      | Reached skill level 1 in Axes
  9815 | D:9      | Found a runed translucent gate.
  9816 | D:9      | Found a runed translucent gate.
  9816 | D:9      | Noticed groovy9's ghost (journeyman DECj)
  9817 | D:9      | Found a runed translucent gate.
  9817 | D:9      | Noticed an 11-headed hydra
  9835 | D:9      | Reached skill level 1 in Fire Magic
  9865 | D:9      | Noticed a two-headed ogre
  9944 | D:10     | Entered Level 10 of the Dungeon
  9944 | D:10     | Noticed a centaur warrior
  9959 | D:10     | Killed a centaur warrior
  9960 | D:10     | Gained mutation: When seriously injured, your blood forms
                  | very thick armour. (AC +12) [demonic ancestry]
  9960 | D:10     | Reached XP level 11. HP: 50/80 MP: 16/21
 10091 | D:10     | Reached *** piety under Kikubaaqudgha
 10091 | D:10     | Received a gift from Kikubaaqudgha
 10133 | D:10     | Found a runed translucent door.
 10135 | D:10     | Noticed hawla's ghost (novice FeSh)
 10156 | D:10     | Mangled by hawla's ghost

Illustrated notes

Levels and vault maps discovered:
D:1:      beargit_arrival_greenhouse, layout_basic, shapermc_ecumenical_altar_gd
D:2:      layout_loops_corners
D:3:      layout_basic, serial_rivers, chequers_serial_rivers_large_a,
          chequers_serial_rivers_marsh, chequers_serial_rivers_micro_d,
          chequers_serial_rivers_room_a, chequers_serial_rivers_micro_c
D:4:      layout_cave_pools, lemuel_tele_altar
D:5:      layout_basic, uniq_edmund, uniq_prince_ribbit1
D:6:      black_bear_nest_2, layout_loops_ring, minmay_temple_entry_overgrown,
          dk_vineyard_3, uniq_crazy_yiuf_cottage
D:7:      layout_basic, mainiacjoe_overflow_alcove_2, chei_slow_surprise,
          eino_curves_02, chequers_jeans, uniq_duvessa, uniq_maurice
D:8:      layout_basic, grunt_dithmenos_shadows, serial_shops,
          nicolae_shop_tiny_statue_garden
D:9:      layout_long_grid, david_lair_shrubbed, gammafunk_ghost_hydra_chop,
          serial_undead, serial_undead_d, serial_undead_b, serial_undead_f,
          serial_undead_b, serial_undead_d, kennysheep_path_1,
          palyth_stone_intersect
D:10:     layout_basic, zin_angel, hiddenorc1_lemuel, gammafunk_ghost_grave,
          minmay_hedge_maze, nicolae_benzene_ring
Temple:   nicolae_temple_bog_church

Skill      XL: |  1  2  3  4  5  6  7  8  9 10 |
---------------+-------------------------------+-----
Fighting       | 1 2 3 4 5 |  5.5
Stealth        | 2 3 4 5 |  5.9
Necromancy     | 5 6 7 8 9 |  9.4
Dodging        | 2 3 4 5 |  5.5
Short Blades   | 1 2 3 4 |  4.9
Armour         | 1 2 3 4 |  4.6
Spellcasting   | 3 4 5 6 7 |  7.3
Hexes          | 1 3 |  3.0
Axes           | 3 |  3.3
Fire Magic     | 1 |  1.1

Action                     |  1- 3 |  4- 6 |  7- 9 | 10-12 || total
---------------------------+-------+-------+-------+-------++-------
  Melee: Dagger            |    74 |   111 |   252 |    69 ||   506
         Punch             |     1 |       |     2 |     2 ||     5
         Headbutt          |     9 |    20 |    57 |    48 ||   134
         Battleaxe         |       |       |       |   134 ||   134
   Cast: Necrotise         |    27 |    18 |    19 |       ||    64
         Vampiric Draining |     2 |    11 |    33 |    11 ||    57
         Animate Dead      |       |     1 |    14 |     5 ||    20
         Foxfire           |       |       |       |    11 ||    11
    Use: Scroll            |     6 |       |    15 |     3 ||    24
         Potion            |       |     3 |     1 |       ||     4
   Stab: Sleeping          |     2 |     1 |    11 |     2 ||    16
         Distracted        |       |       |     3 |     5 ||     8
 Armour: Leather armour    |    29 |    74 |   190 |       ||   293
         Troll leather arm |       |       |    15 |   335 ||   350
  Dodge: Dodged            |    37 |    93 |   243 |   263 ||   636
